 Dungeon Crawl Stone Soup version 0.16.1-11-g651b585 (webtiles) character file.

727999 abixa the Evocator (level 27, 0/230 HPs)
             Began as a Human Hunter on Apr 2, 2015.
             Was a High Priest of Makhleb.
             Slain by a death scarab (10 damage)
             ... on level 3 of the Tomb of the Ancients on Apr 7, 2015.
             The game lasted 11:34:39 (122900 turns).

abixa the Evocator (Human Hunter)                 Turns: 122900, Time: 11:34:39

Health: 0/230      AC: 27    Str: 16      XL:     27
Magic:  44/44      EV: 25    Int: 16 (22) God:    Makhleb [*****.]
Gold:   4313       SH:  0    Dex: 11 (22) Spells: 7 memorised, 1 level left

rFire  + . .     SeeInvis .     a - +4 great mace (holy)
rCold  + . .     Clarity  .     P - +7 swamp dragon armour
rNeg   + + .     SustAb   .     (no shield)
rPois  +         Gourm    .     y - -2 hat of the Alchemist {rElec rPois rF+ rC+ rN+ MR+ rMut rCorr}
rElec  +         Spirit   .     s - +2 cloak {+Inv}
rCorr  +         Warding  .     q - +2 pair of gloves {Dex+3} (curse)
rMut   +         Stasis   .     L - +2 pair of boots {run}
MR     ++++.                    d - amulet of faith (curse)
Stlth  ++++......               l - ring of Khije {rElec rN+ MR+ Int+3 Stlth+}
                                n - ring "Gucedoegh" {rPois EV+5 Int+3 Stlth+} (curse)

@: quick, incredibly resistant to hostile enchantments, stealthy
A: deformed body
a: Minor Destruction, Lesser Servant of Makhleb, Major Destruction, Greater
Servant of Makhleb, Renounce Religion, Evoke Invisibility
}: 5/15 runes: decaying, serpentine, slimy, silver, abyssal


You were on level 3 of the Tomb of the Ancients.
You worshipped Makhleb.
Makhleb was extremely pleased with you.
You were hungry.

You visited 14 branches of the dungeon, and saw 68 of its levels.
You visited the Abyss 1 time.
You also visited: Labyrinth, Trove, Ossuary and Ice Cave.

You collected 9270 gold pieces.
You spent 4957 gold pieces at shops.

Inventory:

Hand weapons
 a - a +4 great mace of holy wrath (weapon)
 b - a cursed +9 great mace of crushing
Missiles
 f - 38 javelins of penetration
 E - 6 javelins (quivered)
 J - 5 throwing nets
Armour
 q - a cursed +2 pair of gloves of dexterity (worn)
 s - a +2 cloak of invisibility (worn)
 y - the -2 hat of the Alchemist (worn) {rElec rPois rF+ rC+ rN+ MR+ rMut rCorr}
   (You found it on level 3 of the Vaults)

   It protects you from fire.
   It protects you from cold.
   It insulates you from electricity.
   It protects you from poison.
   It protects you from negative energy.
   It affects your resistance to hostile enchantments.
   It protects you from acid and corrosion.
   It protects you from mutation.
 L - a +2 pair of boots of running (worn)
 P - a +7 swamp dragon armour (worn)
Rods
 m - a cursed +4 rod of clouds (13/13)
   (You bought it in a shop on level 4 of the Orcish Mines)
 u - a +4 rod of clouds (8/13)
   (You found it on level 6 of the Pits of Slime)
Jewellery
 d - a cursed amulet of faith (around neck)
 e - the cursed ring of Priasho {+Fly rPois Str-5 Int+3 Dex+4}
   (You found it on level 3 of the Abyss)

   [ring of flight]

   It affects your strength (-5).
   It affects your intelligence (+3).
   It affects your dexterity (+4).
   It protects you from poison.
   It lets you fly.
   It has a curse placed upon it.
 h - the cursed ring of Jopn {rC+ MR+}
   (You found it in a treasure trove)

   [ring of protection from magic]

   It protects you from cold.
   It affects your resistance to hostile enchantments.
   It has a curse placed upon it.
 l - the ring of Khije (right hand) {rElec rN+ MR+ Int+3 Stlth+}
   (You found it in a treasure trove)

   [ring of protection from magic]

   It affects your intelligence (+3).
   It insulates you from electricity.
   It protects you from negative energy.
   It affects your resistance to hostile enchantments.
   It makes you more stealthy.
 n - the cursed ring "Gucedoegh" (left hand) {rPois EV+5 Int+3 Stlth+}
   (You took it off a vault warden on level 5 of the Vaults)

   [ring of evasion]

   It affects your evasion (+5).
   It affects your intelligence (+3).
   It protects you from poison.
   It makes you more stealthy.
   It has a curse placed upon it.
 o - an uncursed ring of teleportation
 v - a cursed ring of teleport control
 S - a cursed ring of see invisible
 U - the cursed ring of Strieficu {+Blink rElec rF+ Str-2}
   (You found it on level 6 of the Pits of Slime)

   [ring of protection from fire]

   It affects your strength (-2).
   It protects you from fire.
   It insulates you from electricity.
   It lets you blink.
   It has a curse placed upon it.
Magical devices
 i - a wand of cold (7)
 t - a wand of teleportation (6)
 w - a wand of digging (4)
Scrolls
 c - 17 scrolls of remove curse
 r - 4 scrolls of magic mapping
 A - 9 scrolls of identify
 D - 3 scrolls of fog
 F - 5 scrolls of holy word
 G - 12 scrolls of recharging
 H - 6 scrolls of teleportation
 K - 5 scrolls of silence
 N - 6 scrolls of blinking
 T - 2 scrolls of summoning
Potions
 g - 6 potions of cancellation
 j - 4 potions of cure mutation
 k - 20 potions of curing
 p - 11 potions of heal wounds
 x - 7 potions of agility
 z - 5 potions of might
 B - 8 potions of resistance
 I - 13 potions of haste
 O - 5 potions of berserk rage
 Q - 3 potions of invisibility
 W - 5 potions of flight
 X - 14 potions of restore abilities
Miscellaneous
 M - a lamp of fire
 R - a phial of floods
 V - a disc of storms
 Y - a fan of gales
Comestibles
 C - 19 bread rations


   Skills:
 + Level 21.7 Fighting
 - Level 20.0 Maces & Flails
 - Level 16.0 Throwing
 - Level 21.0 Armour
 - Level 21.0 Dodging
 - Level 5.0 Stealth
 - Level 21.0 Invocations
 - Level 25.0 Evocations


You had one spell level left.
You knew the following spells:

 Your Spells              Type           Power        Failure   Level  Hunger
a - Sublimation of Blood  Necr           #.........   56%         2    ###....
b - Phase Shift           Tloc           #.........   100%        5    ######.
c - Silence               Hex/Air        #.........   100%        5    ######.
d - Deflect Missiles      Chrm/Air       #.........   100%        6    #######
e - Flight                Chrm/Air       #.........   90%         3    ####...
f - Swiftness             Chrm/Air       #.......     56%         2    ###....
g - Repel Missiles        Chrm/Air       #.....       56%         2    ###....


Dungeon Overview and Level Annotations

Branches:
Dungeon (15/15)            Temple (1/1) D:4            Lair (8/8) D:11
  Swamp (5/5) Lair:6        Snake (5/5) Lair:4        Slime (6/6) Lair:6
    Orc (4/4) D:11            Elf (3/3) Orc:4        Vaults (5/5) D:13
  Crypt (3/3) Vaults:3       Tomb (3/3) Crypt:3      Depths (5/5) D:15
   Hell (1/1)                 Zot (4/5) Depths:5
    Dis: Hell:1         Geh: Hell:1         Coc: Hell:1         Tar: Hell:1

Altars:
Ashenzari
Cheibriados
Dithmenos
Elyvilon
Fedhas
Gozag
Kikubaaqudgha
Makhleb
Nemelex Xobeh
Okawaru
Qazlal
Ru
Sif Muna
Trog
Vehumet
Xom
Yredelemnul
Zin
The Shining One
Jiyva

Shops:
D:7 (   D:9 *   D:13 [   Orc:2 (   Orc:4 ?[%}*}(   Snake:2 ?   Vaults:2 :*

Portals:
Hell: Depths:1 Depths:2 Depths:3 Depths:4 Depths:5
Abyss: Depths:4 Depths:5
Pandemonium: Orc:4 Depths:3
Ziggurat: Depths:4

Annotations:
D:7 curing + 27 gold for freezing clouds
D:14 exclusion: Roxanne, Roxanne
Lair:2 food, books, wands, javelins
Crypt:3 useful books
Depths:3 useful books
Depths:4 useful book


Innate Abilities, Weirdness & Mutations

Armour fits poorly on your strangely shaped body.


Message History

You feel clumsy.
The sixfirhy disappears in a puff of smoke!
The death scarab closely misses your blizzard demon.
The death scarab barely misses you.
The death scarab bites your blizzard demon!
Your blizzard demon dies!
The death scarab misses you.
A flying skull comes into view.
You closely miss the death scarab. The death scarab bites you!!
The death scarab bites you!!
* * * LOW HITPOINT WARNING * * *
The death scarab completely misses you. The death scarab bites you.
The death scarab closely misses you. The death scarab bites you!!
* * * LOW HITPOINT WARNING * * *
The death scarab bites you. The death scarab barely misses you.
The death scarab bites you!!
* * * LOW HITPOINT WARNING * * *
The death scarab bites you. The death scarab bites you!
You die...

#§.z§§§#
#§§§§§§#
#§§§§§§#
#.§§§§z#
#§.§§§§#
#§§§§§§#
#§§§§B§#
#.B§B§§#
#.B@BB.#
#§..<§B#
########


You could see 7 death scarabs and 2 flying skulls.

Vanquished Creatures
  the royal jelly (Slime:6)
  2 ancient liches (Crypt:3)
  An orb of fire (Zot:2)
  5 greater mummies
  the Lernaean hydra (Swamp:5)
  Norris (Elf:3)
  Saint Roka (Orc:4)
  2 curse toes
  2 Killer Klowns (Zot:4)
  8 golden dragons
  Geryon (Hell)
  Jory (Crypt:2)
  4 bone dragons
  Frederick (Vaults:3)
  Nikola (Depths:1)
  15 tentacled monstrosities
  The ghost of asdu the Devastator, a mighty DEFE of Sif Muna (Vaults:5)
  An Ice Fiend (Depths:4)
  13 deep elf master archers
  A quicksilver dragon (Vaults:5)
  14 titans
  13 deep elf blademasters
  11 acid blobs
  13 sphinxes
  7 liches
  12 tentacled starspawn
  Kirke (Snake:5)
  8 ancient champions
  A thorn hunter (Swamp:3)
  7 shadow dragons
  5 storm dragons
  5 tengu reavers
  2 revenants
  4 draconian monks
  16 vault wardens
  19 frost giants
  9 greater nagas
  24 fire giants
  2 ghost moths (Zot:2)
  3 iron dragons
  Maud (Lair:8)
  10 deep elf sorcerers
  5 azure jellies (Slime:6)
  A ghost moth (shapeshifter) (Vaults:3)
  4 draconian scorchers
  2 draconian zealots
  Aizul (Snake:4)
  6 emperor scorpions
  5 draconian knights
  2 balrugs
  2 curse skulls (Crypt:3)
  4 ghouls
  A cacodemon (Abyss:3)
  The ghost of ketsa the Severer, a powerful HOFi of Makhleb (Swamp:3)
  2 draconian annihilators (Zot:2)
  14 ironheart preservers
  11 very ugly things
  21 stone giants
  4 reapers
  A draconian caller (Zot:2)
  6 war gargoyles (Depths:3)
  5 draconian shifters
  10 grey draconians
  6 green draconians
  9 deep elf demonologists
  A salamander firebrand (Depths:1)
  3 vampire knights
  12 black draconians
  3 lorocyprocas (Abyss:3)
  5 mottled draconians
  7 red draconians
  3 pale draconians
  5 purple draconians
  4 yellow draconians
  3 dire elephants
  2 white draconians (Zot:3)
  5 bennus (Tomb:1)
  8 deep elf annihilators
  2 unborn (Tomb:1)
  11 ettins
  4 mummy priests
  10 crystal guardians
  A blizzard demon (Abyss:3)
  20 fire dragons
  6 minotaurs
  5 death oozes
  34 vault guards
  4 eidola
  8 jiangshi
  15 yaktaur captains
  8 deep elf death magi
  9 great orbs of eyes
  The ghost of xsansara the Bewitcher, a powerful SpEn of Nemelex Xobeh (Lair:6)
  2 great orbs of eyes (shapeshifter)
  13 ice dragons
  4 rakshasas
  9 death cobs
  A ghost crab (shapeshifter) (Depths:3)
  Harold (Elf:1)
  3 deep elf high priests
  6 spriggan air magi
  16 naga warriors
  31 hydras
  11 alligators
  8 anacondas
  The ghost of Fanu the Thaumaturge, a powerful DEIE of Vehumet (IceCv)
  10 ogre magi
  10 centaur warriors
  Erica (Orc:2)
  A ghost crab (Swamp:5)
  A catoblepas (Lair:5)
  9 deep troll earth magi
  7 orc high priests
  3 death knights
  2 tengu warriors
  2 hell beasts (Hell)
  11 deep troll shamans
  13 thrashing horrors (Abyss:3)
  A titan zombie (Abyss:3)
  2 spriggan berserkers (Depths:4)
  32 dancing weapons
  A shock serpent (shapeshifter) (Depths:3)
  4 vampire magi
  25 death yaks
  Urug (D:15)
  9 soul eaters
  14 naga sharpshooters
  A hell hog (Abyss:3)
  A fire crab (shapeshifter) (Vaults:1)
  6 salamander mystics
  8 shock serpents
  8 wretched stars
  32 deep elf knights
  5 hell knights
  A titan skeleton (Tomb:2)
  3 ice devils
  7 iron trolls
  24 deep trolls
  A shadow wraith (Crypt:3)
  A putrid demonspawn (Orc:4)
  29 skeletal warriors
  2 flayed ghosts
  A swamp dragon (shapeshifter) (Depths:3)
  31 death scarabs
  3 spatial maelstroms (Abyss:3)
  2 unseen horrors
  7 wizards
  5 ball lightnings (Depths:3)
  6 sun demons
  A death drake (Abyss:3)
  14 deep elf summoners
  12 naga ritualists
  An anubis guard (shapeshifter) (Vaults:5)
  5 necromancers
  5 ice statues
  2 obsidian statues (Depths:3)
  23 anubis guards
  13 orc knights
  9 giant orange brains
  8 hill giants
  2 shambling mangroves
  5 harpies (Vaults:1)
  2 anaconda skeletons (Tomb:1)
  25 deep elf conjurers
  A shadow dragon zombie (Crypt:1)
  10 swamp dragons
  A manticore (shapeshifter) (Vaults:5)
  2 wolf spider zombies
  A frost giant zombie (Tomb:2)
  14 mana vipers
  6 worldbinders (Abyss:3)
  A lindwurm (shapeshifter) (Depths:3)
  12 phantasmal warriors
  39 ugly things
  A fire giant zombie (Vaults:5)
  5 cyclopes
  4 wolf spiders
  A sphinx skeleton (Crypt:3)
  13 ironbrand convokers
  6 sixfirhies
  A shadow dragon skeleton (Crypt:1)
  4 oklob plants
  7 griffons
  28 salamanders
  A water nymph (shapeshifter) (Depths:3)
  2 shining eyes
  A hornet (shapeshifter) (D:15)
  A moth of wrath (shapeshifter) (Vaults:5)
  57 black mambas
  23 small abominations
  8 orc sorcerers
  4 rust devils
  19 moths of wrath
  2 manticores
  22 naga magi
  10 elephants (Lair:4)
  A hornet (Vaults:4)
  A guardian serpent (shapeshifter) (Depths:3)
  2 apocalypse crabs (Abyss:3)
  A dire elephant zombie (Crypt:1)
  9 guardian serpents
  A torpor snail (Depths:4)
  15 vault sentinels
  7 molten gargoyles
  24 spiny frogs
  A torpor snail (shapeshifter) (Depths:3)
  An orange crystal statue (Zot:2)
  2 eyes of devastation
  5 orange demons
  13 smoke demons
  5 spectral swamp worms (Depths:2)
  A queen ant (Lair:3)
  A fire drake (Lair:7)
  5 gargoyles
  A black draconian zombie (Crypt:3)
  A fire drake (shapeshifter) (Vaults:4)
  A hellion (Abyss:3)
  A sea snake zombie (Crypt:1)
  3 centaur skeletons
  An emperor scorpion zombie (Tomb:3)
  42 yaktaurs
  A demonic crawler (Elf:2)
  4 kobold demonologists
  15 ancient zymes
  4 hellwings
  2 spriggan druids
  22 guardian mummies
  7 komodo dragons
  A troll (shapeshifter) (D:15)
  5 red devils
  3 efreet
  8 freezing wraiths
  A green draconian skeleton (Crypt:1)
  A white draconian skeleton (Crypt:1)
  14 deep elf priests
  11 trolls
  A polar bear (shapeshifter) (Depths:3)
  A yellow draconian skeleton (Crypt:3)
  A ghoul skeleton (Crypt:3)
  A tormentor (Hell)
  9 blue devils
  3 silent spectres
  A burning bush (Zot:2)
  A tengu conjurer (Vaults:3)
  A yaktaur (shapeshifter) (Depths:3)
  7 polar bears
  A hydra zombie (Crypt:1)
  9 giant leeches
  Sonja (Orc:4)
  3 wind drakes (Depths:3)
  A blink frog (shapeshifter) (Abyss:3)
  A death drake zombie (Crypt:2)
  A raven (shapeshifter) (Vaults:4)
  A two-headed ogre (shapeshifter) (D:15)
  11 bog bodies
  18 two-headed ogres
  7 ushabtiu
  23 raiju (Abyss:3)
  8 ravens
  An alligator zombie (Crypt:3)
  6 boulder beetles
  A guardian serpent zombie (Crypt:3)
  A hornet zombie (D:15)
  A harpy skeleton (Crypt:1)
  A stone giant simulacrum (Crypt:1)
  A hydra skeleton (Crypt:1)
  11 blink frogs
  21 large abominations
  2 raiju (shapeshifter)
  72 slime creatures
  A wandering mushroom (Zot:2)
  10 baby alligators
  4 ynoxinuls (Abyss:3)
  16 air elementals
  2 basilisks
  20 flying skulls
  A basilisk (shapeshifter) (D:15)
  2 ice dragon zombies
  7 shadows
  11 redbacks
  13 spriggans
  4 vampires
  26 deep elf magi
  A tarantella (shapeshifter) (Vaults:1)
  5 water elementals (Depths:3)
  5 fire bats (Abyss:3)
  2 hogs (Snake:5)
  5 wyverns
  An ettin skeleton (Crypt:1)
  3 tarantellas
  A golden eye (Abyss:3)
  A human (D:8)
  41 deep elf fighters
  A dire elephant simulacrum (Crypt:1)
  13 chaos spawn
  83 yaks
  A hungry ghost (Abyss:3)
  4 mottled dragons
  Grum (Orc:4)
  9 fire elementals
  A hippogriff (shapeshifter) (Depths:3)
  7 wraiths
  45 wolves
  12 hippogriffs
  32 vampire mosquitoes
  9 neqoxecs
  27 swamp worms
  75 nagas
  A spatial vortex (Abyss:3)
  The ghost of dxcTest1 the Archer, an average HEHu (D:3)
  A hell hound (Depths:1)
  9 soldier ants
  14 insubstantial wisps
  5 wargs
  60 orc warriors
  19 porcupines
  A hydra simulacrum (Hell)
  6 ice beasts
  A gelid demonspawn skeleton (Crypt:1)
  12 swamp drakes
  4 necrophages
  43 water moccasins
  8 wasps
  8 black bears
  An eye of draining (shapeshifter) (Vaults:4)
  A torturous demonspawn skeleton (Crypt:3)
  51 ogres
  7 sky beasts
  A boggart (shapeshifter) (Vaults:5)
  2 eyes of draining (Abyss:3)
  20 crocodiles
  An ice dragon simulacrum (Crypt:1)
  5 phantoms
  2 orc zombies (Orc:4)
  28 centaurs
  A snapping turtle skeleton (Abyss:3)
  19 boggarts
  A manticore skeleton (Tomb:3)
  3 boring beetles
  Duvessa (D:5)
  3 elf zombies (Ossuary)
  A fire drake zombie (Crypt:1)
  A lost soul (Crypt:2)
  6 big kobolds
  A water moccasin skeleton (Crypt:2)
  8 earth elementals (Depths:3)
  5 scorpions
  21 giant frogs
  A warg zombie (Crypt:3)
  A wyvern skeleton (D:11)
  A naga zombie (Vaults:3)
  11 killer bees
  28 wights
  A polar bear skeleton (Crypt:3)
  3 oklob saplings (Zot:2)
  A wolf zombie (Crypt:2)
  8 electric eels
  2 giant frog zombies
  7 centaur zombies
  A goliath beetle (D:6)
  Dowan (D:5)
  11 jellies
  3 draconian simulacra (IceCv)
  A giant frog skeleton (D:12)
  6 quasits
  13 crimson imps
  17 starcursed masses (Abyss:3)
  5 human zombies
  A two-headed ogre zombie (Vaults:3)
  A gnoll shaman (D:10)
  6 hell rats
  13 hounds
  An iron imp (Abyss:3)
  43 orc priests
  31 orc wizards
  A demonspawn skeleton (Crypt:2)
  Natasha (thrice) (D:5)
  A bog body skeleton (Crypt:3)
  7 iguanas
  35 worker ants
  3 lightning spires (Zot:2)
  2 centaur simulacra (IceCv)
  A spriggan simulacrum (IceCv)
  2 troll simulacra (IceCv)
  47 sheep
  2 ogre zombies (Vaults:3)
  A demigod skeleton (Crypt:2)
  A dwarf skeleton (Crypt:1)
  A tengu skeleton (Tomb:1)
  A hound zombie (Crypt:3)
  38 mummies
  An ogre skeleton (Crypt:1)
  2 hound skeletons
  3 worker ant zombies
  27 river rats
  7 gnolls
  24 adders
  2 naga simulacra (IceCv)
  9 shadow imps
  A goliath beetle zombie (Crypt:2)
  A giant mite (D:4)
  13 white imps
  2 worms
  3 ufetubi (Abyss:3)
  2 adder skeletons
  An adder zombie (D:7)
  2 oozes
  253 orcs
  3 ball pythons
  17 bats
  A bat zombie (D:8)
  A giant cockroach (D:3)
  27 goblins
  12 hobgoblins
  2 jackals (D:2)
  9 quokkas
  7 giant geckos
  A giant gecko skeleton (D:5)
  4 giant newts
  A jackal zombie (Crypt:3)
  28 kobolds
  A kobold zombie (Crypt:1)
  A quokka skeleton (D:4)
  7 rats
  11 ballistomycetes
  A bush (Lair:5)
  10 butterflies
  A fungus (Lair:8)
  9 starspawn tentacles
3684 creatures vanquished.

Vanquished Creatures (collateral kills)
  An orb of fire (Zot:3)
  A greater mummy (Tomb:1)
  A storm dragon (Zot:3)
  A vault warden (Vaults:5)
  A black draconian (Zot:3)
  3 bennus
  A yellow draconian (Zot:3)
  A red draconian (Zot:3)
  2 fire dragons (Zot:3)
  12 mummy priests
  A death cob (Zot:3)
  2 dancing weapons (Elf:2)
  2 soul eaters (Tomb:2)
  9 death scarabs (Tomb:3)
  A skeletal warrior (Tomb:3)
  6 anubis guards
  A rust devil (Tomb:2)
  A harpy zombie (Tomb:1)
  A red devil (Tomb:2)
  6 guardian mummies
  An ushabti (Tomb:1)
  A yak (Lair:8)
  A flying skull (Tomb:1)
  6 mummies
63 creatures vanquished.

Vanquished Creatures (others)
  The ghost of HunterMK1337 the Swordmaster, a mighty MiFi of Ru (Vaults:5)
  A titan (Zot:2)
  A deep elf master archer (Zot:2)
  A tengu reaver (Vaults:3)
  3 Executioners
  2 balrugs
  2 cacodemons
  2 blizzard demons
  2 green deaths
  A vault guard (Vaults:5)
  A minotaur (shapeshifter) (Depths:3)
  10 death scarabs
  6 ball lightnings (Depths:3)
  An ugly thing (Depths:3)
  A water elemental (Vaults:3)
  2 orange demons
  An ettin zombie (Tomb:2)
  A hydra skeleton (Tomb:2)
  A raiju (Abyss:3)
  A spriggan (Swamp:5)
  A neqoxec (Tomb:1)
  2 humans (Snake:5)
  A deep elf fighter (Elf:3)
  3 spatial vortices (Abyss:3)
  A small abomination (Abyss:3)
  An ice beast (D:7)
  4 wasps
  5 lost souls
  2 scorpions
  2 killer bees
  A goliath beetle (Lair:8)
  An iron imp (Tomb:1)
  3 worker ants
  2 mummies (Tomb:2)
  4 gnolls (D:6)
  A shadow imp (Tomb:1)
  A giant mite (D:6)
  2 worms (Snake:4)
  A giant gecko (D:6)
  2 orcs
  A giant cockroach (D:6)
  2 giant spores
  A lurking horror (Abyss:3)
  A butterfly (Vaults:5)
  6 fungi
  8 plants
  43 starspawn tentacles
  234 starspawn tentacle segments
377 creatures vanquished.

Grand Total: 4124 creatures vanquished

Notes
Turn   | Place    | Note
--------------------------------------------------------------
     0 | D:1      | abixa, the Human Hunter, began the quest for the Orb.
     0 | D:1      | Reached XP level 1. HP: 16/16 MP: 1/1
   112 | D:1      | Reached XP level 2. HP: 12/23 MP: 2/2
   810 | D:2      | Reached XP level 3. HP: 27/29 MP: 3/3
  1568 | D:3      | Reached skill level 1 in Maces & Flails
  1660 | D:2      | Reached XP level 4. HP: 21/35 MP: 4/4
  2158 | D:3      | Noticed dxcTest1's ghost (average HEHu)
  2321 | D:3      | Noticed an ogre
  3067 | D:4      | Reached XP level 5. HP: 12/41 MP: 5/5
  3390 | D:4      | Found a staircase to the Ecumenical Temple.
  3397 | Temple   | Entered the Ecumenical Temple
  3541 | Temple   | Became a worshipper of Warmaster Okawaru
  3746 | D:4      | Noticed an ogre
  3824 | D:3      | Killed dxcTest1's ghost
  3824 | D:3      | Reached XP level 6. HP: 17/47 MP: 6/6
  4059 | D:3      | Reached skill level 5 in Maces & Flails
  4526 | D:4      | Found a shadowy altar of Dithmenos.
  4821 | D:4      | Noticed an ogre
  4835 | D:4      | Killed an ogre
  4835 | D:4      | Reached skill level 6 in Maces & Flails
  4835 | D:4      | Reached XP level 7. HP: 45/52 MP: 7/7
  5082 | D:5      | Entered Level 5 of the Dungeon
  5228 | D:5      | Killed an ogre
  5267 | D:5      | Acquired Okawaru's first power
  5422 | D:5      | Found a sand-covered staircase.
  5422 | D:5      | Noticed Natasha
  5426 | D:5      | Killed Natasha
  5426 | D:5      | Reached skill level 7 in Maces & Flails
  5451 | Ossuary  | Entered an ossuary
  5532 | Ossuary  | Reached skill level 1 in Invocations
  5549 | Ossuary  | Reached XP level 8. HP: 33/58 MP: 6/9
  5755 | Ossuary  | Reached skill level 8 in Maces & Flails
  6179 | Ossuary  | Reached skill level 9 in Maces & Flails
  6221 | D:5      | Noticed Dowan
  6275 | D:5      | Killed Dowan
  6427 | D:5      | Noticed a hippogriff
  6462 | D:5      | Noticed Duvessa
  6468 | D:4      | Killed a hippogriff
  6682 | D:5      | Noticed Natasha
  6693 | D:5      | Killed Natasha
  6867 | D:5      | Noticed Natasha
  6872 | D:5      | Killed Natasha
  6977 | D:5      | Killed Duvessa
  6977 | D:5      | Reached XP level 9. HP: 60/64 MP: 10/10
  7098 | D:5      | Reached skill level 10 in Maces & Flails
  7783 | D:6      | Found a bloodstained altar of Trog.
  7856 | D:6      | Found a shattered altar of Ashenzari.
  7907 | D:6      | Found a shimmering altar of Xom.
  8316 | D:6      | Found a shimmering altar of Xom.
  8329 | D:6      | Reached skill level 11 in Maces & Flails
  9674 | D:6      | Received a gift from Okawaru
 10315 | D:7      | Reached skill level 12 in Maces & Flails
 10364 | D:7      | Found Kloimoy's Weapon Shop.
 10514 | D:7      | Reached XP level 10. HP: 66/70 MP: 11/11
 10750 | D:8      | Found a sacrificial altar of Ru.
 11052 | D:8      | Found an opulent altar of Gozag.
 11525 | D:8      | Received a gift from Okawaru
 11532 | D:8      | Reached skill level 13 in Maces & Flails
 11801 | D:8      | Noticed an ice statue
 12531 | D:9      | Found Haycyangy's General Store.
 12809 | D:9      | Found an ancient bone altar of Kikubaaqudgha.
 12892 | D:9      | Found a sparkling altar of Nemelex Xobeh.
 12956 | D:9      | Reached skill level 1 in Armour
 13420 | D:8      | Received a gift from Okawaru
 14081 | D:9      | Reached XP level 11. HP: 72/78 MP: 13/13
 14103 | D:9      | Reached skill level 5 in Fighting
 14567 | D:9      | Got a scorched war axe
 14634 | D:10     | Entered Level 10 of the Dungeon
 15208 | D:10     | Reached skill level 14 in Maces & Flails
 15854 | D:11     | Received a gift from Okawaru
 16386 | D:11     | Noticed a cyclops
 16767 | D:11     | Found a staircase to the Orcish Mines.
 16982 | D:11     | Noticed a cyclops
 17007 | D:11     | Killed a cyclops
 17154 | D:11     | Acquired Okawaru's second power
 17154 | D:11     | Received a gift from Okawaru
 17214 | D:11     | Reached skill level 5 in Armour
 17840 | D:11     | Reached skill level 5 in Dodging
 17840 | D:11     | Reached XP level 12. HP: 81/92 MP: 14/14
 17982 | D:11     | Found a staircase to the Lair.
 18113 | D:11     | Got a bloodstained chain mail
 18235 | D:11     | Killed a cyclops
 18766 | Lair:1   | Entered Level 1 of the Lair of Beasts
 19200 | Lair:2   | Got a smoking scimitar
 19223 | Lair:2   | Received a gift from Okawaru
 19238 | Lair:2   | Noticed a five-headed hydra
 19513 | Lair:2   | Killed a five-headed hydra
 20099 | Lair:1   | Noticed an eight-headed hydra
 20433 | Lair:1   | Identified a scroll of acquirement
 20570 | Lair:1   | Killed an eight-headed hydra
 20570 | Lair:1   | Reached skill level 5 in Throwing
 20900 | Lair:1   | Reached skill level 10 in Fighting
 21285 | Lair:1   | Reached XP level 13. HP: 103/103 MP: 15/15
 22115 | Orc:1    | Entered Level 1 of the Orcish Mines
 23296 | D:11     | Identified the cursed -4 chain mail of the Rabble {rCorr Int+2 Dex+6} (You found it on level 11 of the Dungeon)
 23302 | D:11     | Identified the +2 war axe of Discomfort {chop, Contam rPois SInv} (You found it on level 9 of the Dungeon)
 23311 | D:11     | Identified the +9 scimitar of Voir {venom, Int+4} (You found it on level 2 of the Lair of Beasts)
 23375 | D:11     | Reached skill level 10 in Throwing
 23380 | D:11     | Gained mutation: Space occasionally distorts in your vicinity. [mutagenic glow]
 23917 | Orc:2    | Found Shatarchi's Antique Weapon Boutique.
 25454 | Orc:3    | Received a gift from Okawaru
 25880 | Orc:2    | Noticed Erica
 26080 | Orc:2    | Killed Erica
 26213 | Orc:4    | Entered Level 4 of the Orcish Mines
 26995 | Orc:4    | Found Jadgheje's General Store.
 27158 | Orc:4    | Found a staircase to the Elven Halls.
 27385 | Orc:4    | Noticed Sonja
 27390 | Orc:4    | Received a gift from Okawaru
 27925 | Orc:4    | Killed Sonja
 27989 | Orc:4    | Found Mauggioz's Gadget Shop.
 28017 | Orc:4    | Noticed Grum
 28024 | Orc:4    | Killed Grum
 28096 | Orc:4    | Noticed Saint Roka
 28260 | D:11     | Killed an unseen horror
 28260 | D:11     | Received a gift from Okawaru
 28672 | Lair:3   | Reached skill level 5 in Invocations
 29469 | Lair:3   | Reached XP level 14. HP: 110/110 MP: 24/24
 29759 | Lair:2   | Lost mutation: Space occasionally distorts in your vicinity. [potion of cure mutation]
 31592 | D:12     | Identified the Reference Book on the Ashen Arsonist
 32183 | D:12     | Received a gift from Okawaru
 33030 | D:12     | Received a gift from Okawaru
 33031 | D:12     | Got a pitted dire flail {god gift}
 33032 | D:12     | Identified the +9 dire flail of Zoruoxicyk {elec, +Fly Str-3 Int+4 Dex+3} (Okawaru gifted it to you on level 12 of the Dungeon)
 33439 | D:12     | Found an iron altar of Okawaru.
 33898 | D:13     | Reached XP level 15. HP: 112/121 MP: 24/24
 34202 | D:13     | Found Jyilysm's Armour Shop.
 34348 | D:13     | Received a gift from Okawaru
 34609 | D:13     | Found a gate to the Vaults.
 35026 | D:14     | Received a gift from Okawaru
 35037 | D:14     | Noticed Roxanne
 35398 | D:14     | Received a gift from Okawaru
 35398 | D:14     | Reached skill level 10 in Armour
 35519 | D:14     | Found a shimmering altar of Xom.
 35766 | D:15     | Entered Level 15 of the Dungeon
 35795 | D:15     | Reached XP level 16. HP: 119/130 MP: 25/25
 36103 | D:15     | Noticed Urug
 36122 | D:15     | Killed Urug
 36199 | D:15     | Found a burning altar of Makhleb.
 37337 | D:15     | Found a staircase to the Depths.
 37735 | Lair:4   | Received a gift from Okawaru
 37854 | Lair:4   | Found a staircase to the Snake Pit.
 38692 | Lair:5   | Found a labyrinth entrance.
 38741 | Lab      | Entered a labyrinth
 39219 | Lab      | Got a slimy demon whip
 39219 | Lab      | Got a pair of scorched boots
 39220 | Lab      | Identified the +0 pair of boots "Oczaerph" {rElec Str+6} (You found it in a labyrinth)
 39262 | Lab      | Identified a +9 rod of ignition (9/9) (You found it in a labyrinth)
 39263 | Lab      | Identified a +3 rod of the swarm (11/11) (You found it in a labyrinth)
 39264 | Lab      | Identified a +4 rod of the swarm (12/14) (You took it off a minotaur in a labyrinth)
 39412 | Lair:5   | Got a heavily runed helmet
 39426 | Lair:5   | Identified the +0 helmet of the Stag {rElec rPois} (You found it on level 5 of the Lair of Beasts)
 39984 | Lair:5   | Reached skill level 10 in Dodging
 40480 | Lair:5   | Identified the +10 demon whip "Jooq" {pain, Str+3} (You found it in a labyrinth)
 40825 | Lair:6   | Found a staircase to the Swamp.
 41069 | Lair:6   | Noticed xsansara's ghost (powerful SpEn)
 41154 | Lair:6   | Killed xsansara's ghost
 41561 | Lair:7   | Received a gift from Okawaru
 41658 | Lair:7   | Reached XP level 17. HP: 111/136 MP: 27/27
 42264 | Lair:7   | Reached skill level 1 in Evocations
 42450 | Lair:8   | Entered Level 8 of the Lair of Beasts
 42507 | Lair:8   | Found a frozen archway.
 42548 | IceCv    | Entered an ice cave
 42548 | IceCv    | Noticed Fanu's ghost (powerful DEIE)
 42553 | IceCv    | Killed Fanu's ghost
 42980 | IceCv    | Received a gift from Okawaru
 43090 | IceCv    | Reached skill level 5 in Evocations
 43819 | Lair:8   | Noticed Maud
 43861 | Lair:8   | Killed Maud
 44736 | Lair:6   | Received a gift from Okawaru
 44979 | Orc:4    | Bought a +2 rod of clouds (11/11) for 1350 gold pieces
 45130 | Orc:4    | Killed Saint Roka
 45130 | Orc:4    | Reached skill level 10 in Evocations
 45352 | Orc:4    | Found Podwax's Weapon Shop.
 45720 | Orc:4    | Found Hulare's Magic Scroll Boutique.
 45782 | Orc:4    | Found Liynipt's Food Shop.
 45896 | Orc:4    | Bought a scroll of identify for 26 gold pieces
 45896 | Orc:4    | Bought a scroll of brand weapon for 260 gold pieces
 46066 | Orc:4    | Reached XP level 18. HP: 143/143 MP: 31/31
 46145 | Orc:4    | Received a gift from Okawaru
 46251 | Orc:4    | Received a gift from Okawaru
 46323 | Orc:4    | Got an ancient scale mail {god gift}
 46324 | Orc:4    | Identified the -9 scale mail of Context {rC++ Regen+ rCorr Str-4 Dex+2} (Okawaru gifted it to you on level 4 of the Orcish Mines)
 46393 | Orc:4    | Found Sesch's Gadget Shoppe.
 46393 | Orc:4    | Found Ylouh's Antique Armour Emporium.
 46393 | Orc:4    | Found a one-way gate leading to the halls of Pandemonium.
 46592 | Snake:1  | Entered Level 1 of the Snake Pit
 48419 | Snake:2  | Found Zujydd's Magic Scroll Shop.
 48509 | Snake:2  | Bought a scroll of identify for 34 gold pieces
 48509 | Snake:2  | Bought a scroll of identify for 34 gold pieces
 48509 | Snake:2  | Bought a scroll of identify for 34 gold pieces
 48849 | Snake:2  | Received a gift from Okawaru
 49303 | Snake:3  | Received a gift from Okawaru
 49311 | Snake:3  | Learned a level 2 spell: Sublimation of Blood
 49569 | Snake:3  | Received a gift from Okawaru
 49708 | Snake:3  | Received a gift from Okawaru
 49951 | Snake:3  | Reached skill level 15 in Evocations
 49961 | Snake:3  | Received a gift from Okawaru
 51112 | Snake:3  | Reached XP level 19. HP: 127/149 MP: 34/34
 51742 | Snake:4  | Noticed Aizul
 51840 | Snake:4  | Received a gift from Okawaru
 52578 | Snake:4  | Killed Aizul
 53564 | Swamp:1  | Entered Level 1 of the Swamp
 53948 | Swamp:1  | Got a pair of jewelled gloves
 53949 | Swamp:1  | Identified the +0 pair of gloves of Intercession {MR+ rCorr Dex-3 Stlth+} (You found it on level 1 of the Swamp)
 54617 | Swamp:2  | Received a gift from Okawaru
 55256 | Swamp:3  | Noticed ketsa's ghost (powerful HOFi)
 55270 | Swamp:3  | Killed ketsa's ghost
 55562 | Swamp:3  | Reached XP level 20. HP: 129/159 MP: 35/35
 55815 | Swamp:3  | Got a fine helmet
 55816 | Swamp:3  | Identified the cursed -2 helmet of Rannood {rC- Dex+5} (You found it on level 3 of the Swamp)
 56008 | Swamp:3  | Found a glowing golden altar of the Shining One.
 56415 | Swamp:4  | Received a gift from Okawaru
 56646 | Swamp:4  | Received a gift from Okawaru
 57076 | Swamp:5  | Entered Level 5 of the Swamp
 58092 | Swamp:4  | Received a gift from Okawaru
 58184 | Swamp:5  | Noticed the 27-headed Lernaean hydra
 58194 | Swamp:5  | Killed the 27-headed Lernaean hydra
 58195 | Swamp:5  | Received a gift from Okawaru
 58459 | Swamp:5  | Received a gift from Okawaru
 58471 | Swamp:5  | Got a decaying rune of Zot
 58858 | Lair:2   | Learned a level 5 spell: Phase Shift
 58957 | Orc:4    | Bought a scroll of fog for 26 gold pieces
 58957 | Orc:4    | Bought a scroll of enchant armour for 97 gold pieces
 58991 | Orc:4    | Bought a phial of floods for 600 gold pieces
 59166 | Snake:2  | Bought a scroll of enchant armour for 127 gold pieces
 59279 | Snake:5  | Entered Level 5 of the Snake Pit
 59533 | Snake:5  | Noticed Kirke
 59542 | Snake:5  | Killed Kirke
 59639 | Snake:5  | Reached skill level 15 in Armour
 59913 | Snake:5  | Reached skill level 15 in Throwing
 60020 | Snake:5  | Reached skill level 15 in Fighting
 60022 | Snake:5  | Reached skill level 15 in Dodging
 60224 | Snake:5  | Received a gift from Okawaru
 60679 | Snake:5  | Reached XP level 21. HP: 151/168 MP: 36/36
 61862 | Snake:5  | Received a gift from Okawaru
 62380 | Snake:5  | Got a serpentine rune of Zot
 62428 | Snake:5  | Got a translucent mace {god gift}
 62429 | Snake:5  | Identified the +9 mace of Magnificence {drain, MR+ Str-3 Int+2} (Okawaru gifted it to you on level 5 of the Snake Pit)
 62802 | Lair:6   | Found a staircase to the Slime Pits.
 63144 | D:8      | Killed an ice statue
 63430 | Vaults:1 | Entered Level 1 of the Vaults
 63868 | Vaults:1 | Reached skill level 16 in Fighting
 64045 | Vaults:1 | Received a gift from Okawaru
 65238 | Vaults:2 | Found Badev's Book Shop.
 66139 | Vaults:2 | Bought a manual of Dodging for 1656 gold pieces
 66253 | Vaults:2 | Found Mnauf's Assorted Antiques.
 66277 | Vaults:2 | You fall through a shaft!
 66556 | Vaults:3 | Received a gift from Okawaru
 66712 | Vaults:3 | Reached XP level 22. HP: 178/178 MP: 36/36
 66758 | Vaults:3 | Noticed Frederick
 66810 | Vaults:3 | Killed Frederick
 67539 | Vaults:3 | Reached skill level 17 in Dodging
 67647 | Vaults:2 | Received a gift from Okawaru
 68278 | Vaults:3 | Found a radiant altar of Vehumet.
 68333 | Vaults:3 | Found a staircase to the Crypt.
 68372 | Vaults:3 | Received a gift from Okawaru
 68482 | Vaults:3 | Reached skill level 18 in Dodging
 68844 | Vaults:3 | Received a gift from Okawaru
 69248 | Vaults:3 | Found a portal to a secret trove of treasure.
 69533 | Vaults:4 | Reached skill level 19 in Dodging
 70321 | Vaults:4 | Received a gift from Okawaru
 70599 | Vaults:4 | Reached skill level 20 in Dodging
 70755 | Vaults:4 | Received a gift from Okawaru
 71296 | Vaults:4 | Reached XP level 23. HP: 184/184 MP: 37/37
 71914 | Depths:1 | Entered Level 1 of the Depths
 72350 | Depths:1 | Reached skill level 5 in Stealth
 72357 | Depths:1 | Received a gift from Okawaru
 72361 | Depths:1 | Got a dazzling dire flail {god gift}
 72362 | Depths:1 | Identified the +7 dire flail "Ozxurhadd" {drain, Str+2} (Okawaru gifted it to you on level 1 of the Depths)
 72412 | Depths:1 | Found a gateway to Hell.
 72486 | Depths:1 | Got a coiled tin ring
 72487 | Depths:1 | Identified the ring "Priqee" {SustAb rElec rC- Str+5} (You found it on level 1 of the Depths)
 72908 | Depths:1 | Noticed Nikola
 72917 | Depths:1 | Killed Nikola
 73052 | Depths:1 | Got a heavily runed chain mail
 73053 | Depths:1 | Identified the cursed +0 chain mail of Anios {Regen+} (You found it on level 1 of the Depths)
 73269 | Depths:1 | Received a gift from Okawaru
 73738 | Depths:2 | Received a gift from Okawaru
 73756 | Depths:1 | Identified a +2 pair of boots of running (Okawaru gifted it to you on level 2 of the Depths)
 74044 | Depths:2 | Learned a level 5 spell: Silence
 74051 | Depths:2 | Learned a level 6 spell: Deflect Missiles
 74058 | Depths:2 | Learned a level 3 spell: Flight
 75408 | Depths:3 | Got a steaming bone ring
 75411 | Depths:3 | Identified the ring "Frilysamn" {Ice rPois} (You found it on level 3 of the Depths)
 76179 | Depths:3 | Reached XP level 24. HP: 174/195 MP: 38/38
 76852 | Depths:3 | Learned a level 2 spell: Swiftness
 76922 | Depths:3 | Identified the Collected Works on the Snowflakes and Evil Arts
 77254 | Depths:3 | Got a faintly glowing emerald amulet
 77255 | Depths:3 | Identified the amulet of Wuix Toth {rCorr -Cast Str+2 Dex+2} (You found it on level 3 of the Depths)
 77634 | Depths:4 | Received a gift from Okawaru
 78029 | Depths:4 | Received a gift from Okawaru
 78516 | Depths:4 | Found a gateway to a ziggurat.
 78518 | Depths:4 | Found a one-way gate to the infinite horrors of the Abyss.
 79799 | Depths:4 | Received a gift from Okawaru
 79993 | Depths:4 | Received a gift from Okawaru
 81173 | Depths:4 | Reached XP level 25. HP: 184/207 MP: 38/38
 81397 | Depths:5 | Entered Level 5 of the Depths
 82538 | Depths:5 | Received a gift from Okawaru
 82830 | Depths:5 | Received a gift from Okawaru
 83444 | Depths:5 | Found a gate to the Realm of Zot.
 84057 | Elf:1    | Entered Level 1 of the Elven Halls
 84301 | Elf:1    | Identified the Catalogue of Cloudy Combat Magic
 84605 | Elf:1    | Noticed Harold
 84623 | Elf:1    | Killed Harold
 85122 | Elf:2    | Found a runed gate.
 85122 | Elf:2    | Found a runed gate.
 85122 | Elf:2    | Found a runed gate.
 85272 | Elf:2    | Received a gift from Okawaru
 85296 | Elf:2    | Found a deep blue altar of Sif Muna.
 85665 | Elf:2    | Reached XP level 26. HP: 213/218 MP: 39/39
 86111 | Elf:2    | Received a gift from Okawaru
 86348 | Elf:3    | Entered Level 3 of the Elven Halls
 86686 | Elf:3    | Noticed Norris
 86707 | Elf:3    | Killed Norris
 86808 | Elf:3    | Found a radiant altar of Vehumet.
 87875 | Elf:3    | Reached skill level 21 in Dodging
 87974 | Elf:3    | Received a gift from Okawaru
 88595 | Slime:1  | Entered Level 1 of the Pits of Slime
 88714 | Slime:1  | Received a gift from Okawaru
 88966 | Slime:6  | Entered Level 6 of the Pits of Slime
 89043 | Slime:6  | Found a viscous altar of Jiyva.
 89044 | Slime:6  | Noticed the royal jelly
 89057 | Slime:6  | Killed the royal jelly
 89057 | Slime:6  | Received a gift from Okawaru
 89252 | Swamp:2  | Received a gift from Okawaru
 89450 | Slime:6  | Reached skill level 15 in Maces & Flails
 89492 | Slime:6  | Identified a +4 rod of clouds (13/13) (You found it on level 6 of the Pits of Slime)
 89534 | Slime:6  | Got a warped turquoise ring
 89536 | Slime:6  | Got a slimy rune of Zot
 89551 | Slime:6  | Identified the ring of Strieficu {+Blink rElec rF+ Str-2} (You found it on level 6 of the Pits of Slime)
 89561 | Slime:6  | Got a scorched lead ring
 89572 | Slime:6  | Identified the Grimoire of the Countless Realms (You found it on level 6 of the Pits of Slime)
 89898 | Lair:2   | Identified the ring of Moopp {rC+ MR+ MP-9 Dex+2} (You found it on level 6 of the Pits of Slime)
 89924 | Lair:2   | Learned a level 2 spell: Repel Missiles
 90066 | Hell     | Entered the Vestibule of Hell
 90066 | Hell     | Noticed Geryon
 90509 | Hell     | Killed Geryon
 90509 | Hell     | Reached XP level 27. HP: 147/228 MP: 30/39
 90888 | Vaults:5 | Entered Level 5 of the Vaults
 91183 | Vaults:5 | Noticed HunterMK1337's ghost (mighty MiFi)
 91944 | Vaults:5 | Noticed asdu's ghost (mighty DEFE)
 92969 | Vaults:4 | Received a gift from Okawaru
 93932 | Vaults:5 | Received a gift from Okawaru
 94553 | Vaults:5 | Killed HunterMK1337's ghost
 94993 | Vaults:5 | Killed asdu's ghost
 95485 | Vaults:5 | Received a gift from Okawaru
 96113 | Vaults:5 | Got a silver rune of Zot
 96687 | Vaults:5 | Received a gift from Okawaru
 96816 | Vaults:5 | Got a clouded lead ring
 96817 | Vaults:5 | Identified the ring "Gucedoegh" {rPois EV+5 Int+3 Stlth+} (You took it off a vault warden on level 5 of the Vaults)
 97372 | Vaults:5 | Got a transparent ring mail
 97373 | Vaults:5 | Identified the +4 ring mail "Riliy" {+Inv Int+3} (You took it off a deep elf high priest on level 5 of the Vaults)
 97837 | Depths:4 | Voluntarily entered the Abyss.
 97967 | Abyss:2  | Found a radiant altar of Vehumet.
 98374 | Abyss:3  | Gained mutation: Armour fits poorly on your strangely shaped body. [a neqoxec]
 98756 | Abyss:3  | Got a crude amber ring
 98766 | Abyss:3  | Identified the ring of Priasho {+Fly rPois Str-5 Int+3 Dex+4} (You found it on level 3 of the Abyss)
 99627 | Abyss:3  | Found a shattered altar of Ashenzari.
 99681 | Abyss:3  | Found a shimmering altar of Xom.
 99681 | Abyss:3  | Found a shimmering altar of Xom.
 99682 | Abyss:3  | Found a shimmering altar of Xom.
 99682 | Abyss:3  | Found a shimmering altar of Xom.
 99683 | Abyss:3  | Found a shimmering altar of Xom.
 99683 | Abyss:3  | Found a corrupted altar of Lugonu.
 99683 | Abyss:3  | Found a shimmering altar of Xom.
 99684 | Abyss:3  | Found a shimmering altar of Xom.
 99684 | Abyss:3  | Found a shimmering altar of Xom.
 99685 | Abyss:3  | Found a shimmering altar of Xom.
 99685 | Abyss:3  | Found a shimmering altar of Xom.
 99685 | Abyss:3  | Found a shimmering altar of Xom.
 99685 | Abyss:3  | Found a shimmering altar of Xom.
 99685 | Abyss:3  | Found a shimmering altar of Xom.
 99686 | Abyss:3  | Found a shimmering altar of Xom.
 99686 | Abyss:3  | Found a shimmering altar of Xom.
100103 | Abyss:3  | Received a gift from Okawaru
102052 | Abyss:3  | Received a gift from Okawaru
102476 | Abyss:3  | Found a corrupted altar of Lugonu.
102873 | Abyss:3  | Found a corrupted altar of Lugonu.
102907 | Abyss:3  | Got an abyssal rune of Zot
102993 | Abyss:3  | Found a deep blue altar of Sif Muna.
103054 | Depths:4 | Escaped the Abyss
103253 | D:15     | Fell from the grace of Okawaru
103253 | D:15     | Became a worshipper of Makhleb the Destroyer
103427 | Trove    | Entered a treasure trove
103435 | Trove    | Got a pitted copper ring
103441 | Trove    | Got a warped glass ring
103445 | Trove    | Got a sparkling amber ring
103449 | Trove    | Got a scintillating steel ring
103455 | Trove    | Got a scintillating brass ring
103486 | Vaults:3 | Identified a +0 pair of boots of running (You found it on level 3 of the Abyss)
103501 | Vaults:3 | Identified the ring "Klofeub" {MP+9 Dex+2} (You found it in a treasure trove)
103502 | Vaults:3 | Identified the ring of Udapek {Fire rElec} (You found it in a treasure trove)
103503 | Vaults:3 | Identified the ring of Khije {rElec rN+ MR+ Int+3 Stlth+} (You found it in a treasure trove)
103504 | Vaults:3 | Identified the ring of Jopn {rC+ MR+} (You found it in a treasure trove)
103505 | Vaults:3 | Identified the ring of the Heavens {Fire Contam rN+ MR+ Str+4 Int+2} (You found it in a treasure trove)
103611 | Vaults:2 | Bought a potion of agility for 92 gold pieces
103611 | Vaults:2 | Bought a scroll of identify for 46 gold pieces
103611 | Vaults:2 | Bought a papyrus book for 345 gold pieces
103611 | Vaults:2 | Bought a potion of haste for 230 gold pieces
104439 | Crypt:1  | Entered Level 1 of the Crypt
104759 | Crypt:1  | Reached skill level 10 in Invocations
104822 | Crypt:1  | Acquired Makhleb's first power
105165 | Crypt:1  | Acquired Makhleb's second power
105464 | Crypt:1  | Acquired Makhleb's third power
106069 | Crypt:2  | Noticed Jory
106559 | Crypt:2  | Killed Jory
106559 | Crypt:2  | Reached skill level 15 in Invocations
106727 | Crypt:3  | Entered Level 3 of the Crypt
107624 | Crypt:3  | Acquired Makhleb's fourth power
107963 | Crypt:3  | Noticed an ancient lich
107963 | Crypt:3  | Noticed an ancient lich
108241 | Crypt:3  | Killed an ancient lich
108336 | Crypt:3  | Killed an ancient lich
108484 | Crypt:3  | Acquired Makhleb's fifth power
108660 | Crypt:3  | Found a staircase to the Tomb.
109332 | Zot:1    | Entered Level 1 of the Realm of Zot
110394 | Zot:1    | Got a steaming scale mail
110395 | Zot:1    | Identified the cursed +0 scale mail of Dishonesty {rCorr} (You found it on level 1 of the Realm of Zot)
112584 | Zot:2    | Noticed an orb of fire
112618 | Zot:2    | Killed an orb of fire
113185 | Zot:3    | Noticed an orb of fire
113206 | Zot:3    | Killed an orb of fire
113206 | Zot:3    | Reached skill level 22 in Evocations
113661 | Zot:3    | Got a shimmering scale mail
113669 | Zot:3    | Identified the +0 scale mail "Josm" {rC+ rN+ Slay-3} (You found it on level 3 of the Realm of Zot)
114192 | Zot:3    | Reached skill level 23 in Evocations
114694 | Zot:2    | Was forgiven by Okawaru
116011 | Zot:4    | Reached skill level 24 in Evocations
116855 | Tomb:1   | Entered Level 1 of the Tomb of the Ancients
117208 | Tomb:1   | Noticed a greater mummy
117276 | Tomb:1   | Killed a greater mummy
118405 | Tomb:2   | Noticed a greater mummy
118431 | Tomb:2   | Noticed a greater mummy
118431 | Tomb:2   | Noticed a greater mummy
118547 | Tomb:1   | Reached skill level 25 in Evocations
118596 | Tomb:2   | Noticed a greater mummy
119135 | Tomb:1   | Killed a greater mummy
120506 | Tomb:1   | Killed a greater mummy
120743 | Tomb:1   | Killed a greater mummy
121226 | Tomb:1   | Killed a greater mummy
122497 | Tomb:3   | Entered Level 3 of the Tomb of the Ancients
122559 | Tomb:3   | Noticed a greater mummy
122898 | Tomb:3   | Killed a greater mummy
122900 | Tomb:3   | HP: 10/230 [death scarab (21)]
122900 | Tomb:3   | Slain by a death scarab

Action                   |  1- 3 |  4- 6 |  7- 9 | 10-12 | 13-15 | 16-18 | 19-21 | 22-24 | 25-27 || total
-------------------------+-------+-------+-------+-------+-------+-------+-------+-------+-------++-------
Melee: Short sword       |   104 |       |       |       |       |       |       |       |       ||   104
       Flail             |    56 |     7 |       |   404 |   570 |       |       |       |       ||  1037
       Mace              |       |   118 |   361 |    20 |       |       |       |       |       ||   499
       Great mace        |       |    15 |       |   467 |   606 |    13 |       |     9 |  4399 ||  5509
       Scimitar          |       |       |       |       |    60 |       |       |       |       ||    60
       Unarmed           |       |       |       |       |     1 |       |       |       |       ||     1
       Dire flail        |       |       |       |       |   282 |  1767 |  1644 |  1891 |  1290 ||  6874
 Fire: Hunting sling     |       |     2 |    10 |       |       |       |       |       |       ||    12
       Blowgun           |       |       |       |       |       |     1 |       |       |       ||     1
Throw: Stone             |    26 |    48 |   190 |    99 |       |       |       |       |       ||   363
       Javelin           |       |       |    51 |    27 |    15 |    23 |    43 |    54 |   151 ||   364
       Tomahawk          |       |       |    41 |    58 |    91 |   116 |   199 |     1 |       ||   506
       Throwing net      |       |       |     2 |     1 |       |     1 |       |       |     4 ||     8
Invok: Heroism           |       |       |     1 |     4 |     2 |     4 |     4 |     2 |    12 ||    29
       Finesse           |       |       |       |       |       |       |     1 |       |     5 ||     6
       Greater Servant o |       |       |       |       |       |       |       |       |    16 ||    16
       Lesser Servant of |       |       |       |       |       |       |       |       |     7 ||     7
 Abil: Evoke Flight      |       |       |       |       |       |       |     1 |     4 |     1 ||     6
       Evoke Blink       |       |       |       |       |       |       |       |       |    16 ||    16
       Evoke Teleportati |       |       |       |       |       |       |       |       |     9 ||     9
Evoke: Wand              |       |       |     2 |       |     2 |     1 |       |       |    10 ||    15
       Rod               |       |       |       |       |       |    22 |    39 |    43 |    87 ||   191
       Phial of floods   |       |       |       |       |       |       |       |     1 |     1 ||     2
       Lamp of fire      |       |       |       |       |       |       |       |       |     2 ||     2
       Fan of gales      |       |       |       |       |       |       |       |       |     2 ||     2
       Horn of Geryon    |       |       |       |       |       |       |       |       |     1 ||     1
       Disc of storms    |       |       |       |       |       |       |       |       |     1 ||     1
  Use: Scroll            |       |     3 |    16 |     9 |    12 |    22 |    12 |    14 |    26 ||   114
       Potion            |       |       |       |       |     2 |       |     1 |       |    14 ||    17
 Stab: Held in net/web   |       |       |     5 |       |       |       |       |       |     3 ||     8
       Sleeping          |       |       |     1 |       |       |       |       |     4 |    15 ||    20
       Distracted        |       |       |       |     1 |     2 |       |     4 |     2 |    27 ||    36
       Petrifying        |       |       |       |       |       |     1 |       |       |     1 ||     2
       Petrified         |       |       |       |       |       |     1 |       |       |     1 ||     2
       Invisible         |       |       |       |       |       |       |     2 |       |       ||     2
       Confused          |       |       |       |       |       |       |       |     3 |       ||     3
  Eat: Chunk             |     2 |    11 |    16 |    43 |    47 |    51 |    65 |    48 |    96 ||   379
       Pizza             |       |       |     1 |       |       |       |       |       |     1 ||     2
       Fruit             |       |       |       |       |       |     1 |       |     3 |       ||     4
       Bread ration      |       |       |       |       |       |       |       |     3 |    14 ||    17
       Beef jerky        |       |       |       |       |       |       |       |       |     3 ||     3
       Meat ration       |       |       |       |       |       |       |       |       |     2 ||     2
